 Dungeon Crawl Stone Soup version 0.26.0-10-g1f06aea511 (webtiles) character file.

Game seed: 15573224971038866777

189 sanka the Firebug (level 5, -4/38 HPs)
             Began as a Ghoul Fire Elementalist on Jan 18, 2021.
             Slain by a centaur (6 damage)
             ... on level 5 of the Dungeon.
             The game lasted 00:06:29 (3324 turns).

sanka the Firebug (Ghoul Fire Elementalist)         Turns: 3324, Time: 00:06:29

Health: -4/38      AC: 11    Str: 12    XL:     5   Next: 68%
Magic:  6/7        EV: 11    Int: 11    God:
Gold:   86         SH:  0    Dex:  9    Spells: 3/8 levels left

rFire    . . .     SeeInvis .   k - +0 short sword (venom)
rCold    + . .     Faith    +   (no shield)
rNeg     + + +     Spirit   .   q - +2 leather armour {rPois}
rPois    ∞         Reflect  .   f - +2 helmet
rElec    .         Harm     .   h - +2 cloak
rCorr    .         Rampage  .   (no gloves)
Will     .....                  (no boots)
Stlth    ++........             p - amulet of faith
HPRegen  0.00/turn              (no ring)
MPRegen  0.10/turn              (no ring)

@: attractive
A: claws 1, cold resistance 1, negative energy resistance 3, inhibited
regeneration, torment resistance, unbreathing
a: no special abilities


You were on level 5 of the Dungeon.
You visited 1 branch of the dungeon, and saw 5 of its levels.

You collected 86 gold pieces.


Innate Abilities, Weirdness & Mutations

You thrive by killing the living.
You are immune to poison.
You have sharp fingernails.
Your flesh is cold resistant. (rC+)
You are immune to negative energy. (rN+++)
You do not regenerate when monsters are visible.
You are immune to unholy pain and torment.
You can survive without breathing.


   Skills:
 - Level 1.8 Dodging
 - Level 2.3 Stealth
 - Level 2.0 Spellcasting
 - Level 3.1 Conjurations
 + Level 3.8 Fire Magic


You had 3 spell levels left.
You knew the following spells:

 Your Spells              Type           Power        Failure   Level
x - Sticky Flame          Conj/Fire      8%           65%         4
z - Foxfire               Conj/Fire      32%          9%          1

Your spell library contained the following spells:

 Spells                   Type           Power        Failure   Level
 Conjure Flame            Conj/Fire      8%           26%         3
 Inner Flame              Hex/Fire       5%           45%         3
 Fireball                 Conj/Fire      4%           94%         5

Inventory:

Hand Weapons
 k - a +0 short sword of venom (weapon)
Missiles
 c - 9 poisoned darts
 e - 6 curare-tipped darts {=f}
Armour
 a - a +0 robe
 f - a +2 helmet (worn)
 h - a +2 cloak (worn)
 q - a +2 leather armour of poison resistance (worn)
Jewellery
 o - an uncursed amulet of the acrobat
 p - an amulet of faith (around neck)
Scrolls
 b - a scroll of teleportation {unknown}
 d - a scroll of remove curse
 g - a scroll of amnesia
 i - a scroll of immolation {unknown}
 j - a scroll of enchant armour {unknown}
 m - a scroll of noise {unknown}
 n - a scroll of identify {unknown}

Dungeon Overview and Level Annotations

Branches:
Dungeon (6/15)
 Temple: D:4-7

Altars:
Sif Muna
Yredelemnul

Annotations:
D:3 1 runed translucent door, Crazy Yiuf

▒......▒ ▒▒▒
▒▒......▒....▒
........▒....▒▒
▒............
▒▒......▒....▒
.............▒
......v.▒....▒
......vn▒....▒
.▒.....c▒....▒▒...
▒▒▒..▒▒((>..c....
▒.....▒▒▒▒▒....
......▒▒▒ ..
▒▒..▒. ▒.. ▒ ▒.. .


You could see a centaur (extremely poisoned).


Message History

You hit the centaur.
The centaur looks as sick as possible!
The centaur is moderately wounded.
The centaur hits you.
* * * LOW HITPOINT WARNING * * *
The centaur barely misses you.
You hit the centaur.
The centaur looks as sick as possible!
The centaur is heavily wounded.
The centaur hits you.
* * * LOW HITPOINT WARNING * * *
You hit the centaur but do no damage.
The centaur looks as sick as possible!
The centaur is severely wounded.
The centaur misses you.
The centaur hits you but does no damage.
You hit the centaur but do no damage.
The centaur looks as sick as possible!
The centaur is severely wounded.
The centaur hits you but does no damage.
The centaur hits you but does no damage.
Unknown command.
You completely miss the centaur.
The centaur is almost dead.
The centaur closely misses you.
Unknown command.
You conjure some foxfire!
The centaur closely misses you. The centaur hits you.
You die...

Action                   |  1- 3 |  4- 6 || total
-------------------------+-------+-------++-------
Melee: Unarmed           |    74 |       ||    74
       Short sword       |    48 |    96 ||   144
 Cast: Foxfire           |    23 |    34 ||    57
  Use: Scroll            |       |     2 ||     2
       Potion            |       |     1 ||     1
 Stab: Sleeping          |     8 |     2 ||    10
Armor: Robe              |    55 |     3 ||    58
       Leather armour    |       |    50 ||    50
Dodge: Dodged            |    73 |    75 ||   148

Levels and vault maps discovered:
D:1:      noname_arrival_rooms_in_the_neighbourhood, layout_basic, st_stairs_8
D:2:      layout_basic, marbit_many_paths, overflow_temple_1_default,
          serial_bayou_ford_a
D:3:      lemuel_upstairs_altar, layout_basic, lemuel_round_altar,
          lemuel_crystal_altar, uniq_crazy_yiuf_cottage
D:5:      layout_rooms, uniq_grinder
D:6:      layout_cave_pods, temple_green, basic_altar, grunt_ministairs_2,
          due_unseen_surprise

Notes
Turn   | Place    | Note
-------+----------+-------------------------------------------
     0 | D:1      | sanka the Ghoul Fire Elementalist began the quest for the
                  | Orb.
     0 | D:1      | Reached XP level 1. HP: 14/14 MP: 2/2
   300 | D:1      | Reached skill level 2 in Spellcasting
   300 | D:1      | Reached skill level 1 in Conjurations
   300 | D:1      | Reached XP level 2. HP: 20/20 MP: 2/4
   938 | D:1      | Reached XP level 3. HP: 26/26 MP: 5/5
  1055 | D:2      | Reached skill level 2 in Conjurations
  1482 | D:2      | Found a basalt altar of Yredelemnul.
  2001 | D:2      | Reached XP level 4. HP: 31/33 MP: 6/6
  2134 | D:2      | Found a shimmering blue altar of Sif Muna.
  2225 | D:2      | Reached skill level 3 in Fire Magic
  2349 | D:2      | Learned a level 4 spell: Sticky Flame
  2665 | D:3      | Reached XP level 5. HP: 38/38 MP: 0/7
  2848 | D:3      | Reached skill level 3 in Conjurations
  3197 | D:3      | Found a runed translucent door.
  3198 | D:3      | Noticed Crazy Yiuf
  3232 | D:6      | Noticed an orc warrior
  3257 | D:6      | Noticed a sky beast
  3303 | D:5      | Entered Level 5 of the Dungeon
  3306 | D:5      | Noticed a centaur
  3320 | D:5      | HP: 2/38 [centaur (4)]
  3324 | D:5      | Slain by a centaur

Vanquished Creatures
  An orc priest (D:3)
  An orc wizard (D:3)
  3 adders
  3 worms (D:2)
  3 dart slugs
  4 leopard geckos
  8 orcs (D:3)
  4 giant cockroaches
  7 goblins
  8 hobgoblins
  8 jackals
  9 bats
  3 frilled lizards
  6 kobolds
  6 rats
74 creatures vanquished.

Vanquished Creatures (collateral kills)
  A foxfire (D:2)
1 creature vanquished.

Vanquished Creatures (others)
  97 foxfires
  3 plants (D:2)
100 creatures vanquished.

Grand Total: 175 creatures vanquished

Table legend: (Time is in decaauts)
 A = Elapsed time spent in this place.
 B = Non-inter-level travel time spent in this place.
 C = Inter-level travel time spent in this place.
 D = Time resting spent in this place.
 E = Time spent auto-exploring this place.
 F = Levels seen in this place.
 G = Mean time per level.
                   A        B        C        D        E       F      G
               +--------+--------+--------+--------+--------+-----+--------+
         Total |   3356 |   3230 |    126 |    792 |   1727 |   5 |  671.2 |
       Dungeon |   3356 |   3230 |    126 |    792 |   1727 |   5 |  671.2 |
               +--------+--------+--------+--------+--------+-----+--------+

Top non-repeatable levels by time:
     D:2: 1525 daAuts
     D:1: 1033 daAuts
     D:3: 697 daAuts
     D:6: 77 daAuts
     D:5: 22 daAuts
